 Dungeon Crawl Stone Soup version 0.27-a0-668-gb5737ff2c0 (webtiles) character file.

Game seed: 432943307826255269

76 rageheart7 the Slasher (level 4, 0/27 HPs)
             Began as a Tengu Gladiator on Mar 17, 2021.
             Slain by a hound (2 damage)
             ... on level 4 of the Dungeon.
             The game lasted 00:02:47 (1299 turns).

rageheart7 the Slasher (Tengu Gladiator)            Turns: 1299, Time: 00:02:48

Health: 0/27       AC:  3    Str: 16    XL:     4   Next: 32%
Magic:  5/5        EV: 12    Int:  8    God:
Gold:   34         SH:  0    Dex: 13    Spells: 3/3 levels left

rFire    . . .     SeeInvis .   a - +0 long sword
rCold    . . .     Faith    .   (no shield)
rNeg     . . .     Spirit   .   b - +0 leather armour
rPois    .         Reflect  .   c - +0 hat
rElec    .         Harm     .   (no cloak)
rCorr    .         Rampage  .   (no gloves)
Will     .....                  (boots unavailable)
Stlth    +.........             (no amulet)
HPRegen  0.09/turn              (no ring)
MPRegen  0.09/turn              (no ring)

@: no status effects
A: beak, talons 3, clumsy 1, mutation resistance 1, sturdy frame 1
a: no special abilities


You were on level 4 of the Dungeon.
You visited 1 branch of the dungeon, and saw 3 of its levels.

You collected 34 gold pieces.

Inventory:

Hand Weapons
 a - a +0 long sword (weapon)
Missiles
 d - 3 throwing nets (quivered)
Armour
 b - a +0 leather armour (worn)
 c - a +0 hat (worn)
Potions
 e - a potion of haste {unknown}
 f - 2 potions of curing


   Skills:
 * Level 2.5 Fighting
 * Level 5.1 Long Blades
 - Level 2.0 Throwing
 + Level 0.7 Armour
 - Level 3.2 Dodging


You had 3 spell levels left.
You didn't know any spells.
Your spell library was empty.

Dungeon Overview and Level Annotations

Branches:
Dungeon (2/15)

Altars:

Shops:
D:2 (


Innate Abilities, Weirdness & Mutations

You have a beak for a mouth.
You have claws for feet.
You are clumsy. (Dex -2)
You are somewhat resistant to further mutation.
Your movements are slightly less encumbered by armour. (ER -2)


Message History

The shaft crumbles and collapses.
You hear the hiss of flowing sand.
There is an entrance to an ossuary on this level.
Hurry and find it before the portal is buried!
Found a stone staircase leading down and a stone staircase leading up.
A frilled lizard, a hound and a worker ant come into view.
The worker ant bites you but does no damage.
You barely miss the worker ant. Your kick misses the worker ant.
The worker ant completely misses you.
You barely miss the worker ant. You claw the worker ant.
The worker ant is lightly wounded.
The worker ant closely misses you.
You riposte.
You hit the worker ant. You claw the worker ant.
The worker ant is almost dead.
The worker ant closely misses you.
You barely miss the worker ant. Your kick misses the worker ant.
You peck the worker ant, but do no damage.
The worker ant is almost dead.
The hound stops to sniff the ground.
The worker ant bites you but does no damage.
You hit the worker ant. Your kick misses the worker ant.
The worker ant is almost dead.
The hound bites you but does no damage. The worker ant bites you.
The hound bites you.
You closely miss the worker ant. You peck the worker ant.
You kill the worker ant!
The hound bites you. The hound barely misses you.
Your Long Blades skill increases to level 5!
You have reached level 4!
You feel stronger.
You slash the hound! Your kick misses the hound. Your peck misses the hound.
The hound is heavily wounded.
The hound barely misses you. The frilled lizard closely misses you.
The hound bites you. The frilled lizard bites you.
* * * LOW HITPOINT WARNING * * *
You hit the hound.
The hound is almost dead.
The hound bites you.
* * * LOW HITPOINT WARNING * * *
The hound bites you.
You die...

###### #.....
#.....#########
.#...>....#.....
................
#..............
#.....h@....#.
#<...†l####....
......#.# ..
..#.#.#.#
#.....#.# .....
... ##... ...
### ...


You could see a hound and a frilled lizard.

Vanquished Creatures
  A worker ant (D:4)
  An adder (D:1)
  A dart slug (D:2)
  3 giant cockroaches
  4 goblins
  5 hobgoblins
  6 jackals (D:1)
  A quokka (D:2)
  4 bats
  3 frilled lizards (D:1)
  5 kobolds
  5 rats (D:1)
39 creatures vanquished.

Notes
Turn   | Place    | Note
-------+----------+-------------------------------------------
     0 | D:1      | rageheart7 the Tengu Gladiator began the quest for the Orb.
     0 | D:1      | Reached XP level 1. HP: 12/12 MP: 2/2
    42 | D:1      | Reached XP level 2. HP: 10/17 MP: 3/3
   117 | D:1      | Reached skill level 4 in Long Blades
   667 | D:1      | Reached XP level 3. HP: 20/21 MP: 4/4
  1015 | D:1      | Gained mutation: You are clumsy. (Dex -2) [potion of
                  | mutation]
  1015 | D:1      | Gained mutation: You are somewhat resistant to further
                  | mutation. [potion of mutation]
  1015 | D:1      | Gained mutation: Your movements are slightly less
                  | encumbered by armour. (ER -2) [potion of mutation]
  1039 | D:2      | Found Xoaby's Antique Weapon Shoppe.
  1290 | D:2      | You fall into a shaft and drop 2 floors!
  1297 | D:4      | Reached skill level 5 in Long Blades
  1297 | D:4      | Reached XP level 4. HP: 13/27 MP: 5/5
  1299 | D:4      | Slain by a hound

Illustrated notes

Levels and vault maps discovered:
D:1:      psy_arrival_dodecagon, layout_loops_ring
D:2:      layout_rooms, lemuel_doored_altar, serial_shops, shop,
          corexii_corridor_pit, doesnt_xom_only_xom, uniq_sigmund
D:4:      layout_rooms, regret_index_temple_of_mockery,
          nicolae_yredelemnul_corpse_copse, gup_ossuary_entry_pyramid,
          chequers_serial_rivers_marsh, kennysheep_generic_room_8,
          uniq_eustachio

Skill      XL: |  1  2  3 |
---------------+----------+-----
Long Blades    | 4 5 |  5.1
Fighting       | |  2.5
Throwing       | |  2.0
Armour         | |  0.7
Dodging        | |  3.2

Action                   |  1- 3 |  4- 6 || total
-------------------------+-------+-------++-------
Melee: Long sword        |    71 |     2 ||    73
       Kick              |    19 |       ||    19
       Peck              |    10 |       ||    10
  Use: Potion            |     3 |       ||     3
       Scroll            |     1 |       ||     1
Armor: Leather armour    |    20 |       ||    20
Dodge: Dodged            |    46 |     2 ||    48
       Rpst.: Long sword |    19 |       ||    19

Table legend: (Time is in decaauts)
 A = Elapsed time spent in this place.
 B = Non-inter-level travel time spent in this place.
 C = Inter-level travel time spent in this place.
 D = Time resting spent in this place.
 E = Time spent auto-exploring this place.
 F = Levels seen in this place.
 G = Mean time per level.
                   A        B        C        D        E       F      G
               +--------+--------+--------+--------+--------+-----+--------+
         Total |   1313 |   1291 |     22 |    228 |    882 |   3 |  437.7 |
       Dungeon |   1313 |   1291 |     22 |    228 |    882 |   3 |  437.7 |
               +--------+--------+--------+--------+--------+-----+--------+

Top non-repeatable levels by time:
     D:1: 1053 daAuts
     D:2: 250 daAuts
     D:4: 9 daAuts
